 Dungeon Crawl Stone Soup version 0.29.0-4-gdea44cf6ec (webtiles) character file.

Game seed: 2484158644872880387

259 qw the Chopper (level 6, 0/39 HPs)
             Began as a Gargoyle Fighter on Sept 10, 2022.
             Was an Initiate of Okawaru.
             Slain by a hornet (8 damage)
             ... on level 4 of the Dungeon.
             The game lasted 00:01:02 (2893 turns).

qw the Chopper (Gargoyle Fighter)                   Turns: 2893, Time: 00:01:03

Health: 0/39       AC: 13    Str: 21    XL:     6   Next: 17%
Magic:  6/6        EV:  7    Int:  9    God:    Okawaru [......]
Gold:   114        SH:  4    Dex:  9    Spells: 5/5 levels left

rFire   . . .      SeeInvis .   Y - +0 war axe (vorpal)
rCold   . . .      Faith    .   c - +0 buckler
rNeg    + . .      Spirit   .   q - +0 chain mail
rPois   inf        Reflect  .   (no helmet)
rElec   +          Harm     .   (no cloak)
rCorr   .          Rampage  .   (no gloves)
Will    .....                   (no boots)
Stlth   ..........              k - amulet of the acrobat
HPRegen 0.13/turn               (no ring)
MPRegen 0.10/turn               (no ring)

@: no status effects
A: sickness immunity, AC +4, negative energy resistance 1, electricity
resistance, torment resistance 1, petrification resistance
a: Renounce Religion


You were on level 4 of the Dungeon.
You worshipped Okawaru.
Okawaru was noncommittal.
You visited 1 branch of the dungeon, and saw 4 of its levels.

You collected 151 gold pieces.
You spent 37 gold pieces at shops.


Innate Abilities, Weirdness & Mutations

You are immune to sickness and miasma.
Your stone body is resilient. (AC +4)
You are immune to poison.
You resist negative energy. (rN+)
You are resistant to electric shocks. (rElec)
You are resistant to unholy torment.
You are immune to petrification.


   Skills:
 - Level 4.3 Fighting
 + Level 5.2 Axes
 - Level 3.2 Armour
 - Level 3.2 Shields


You had 5 spell levels left.
You didn't know any spells.
Your spell library was empty.

Inventory:

Hand Weapons
 e - a +0 flail
 Y - a +0 vorpal war axe (weapon)
Armour
 c - a +0 buckler (worn)
 q - a +0 chain mail (worn)
Jewellery
 h - a ring of fire
 k - an amulet of the acrobat (around neck)
Potions
 a - a potion of lignification
 d - a potion of might
 f - a potion of curing {unknown}
 g - a potion of magic {unknown}
 i - 2 potions of attraction
 j - a potion of cancellation

Dungeon Overview and Level Annotations

Branches:
Dungeon (4/15)
 Temple: D:4-7

Altars:
Dithmenos
Okawaru
Qazlal

Shops:
D:2 *


Message History

The bullfrog hits you but does no damage. x2
You closely miss the bullfrog.
The bullfrog is lightly wounded.
The bullfrog barely misses you.
The bullfrog hits you but does no damage.
You hit the bullfrog.
The bullfrog is moderately wounded.
You block the bullfrog's attack. The bullfrog hits you.
You hit the bullfrog.
The bullfrog is moderately wounded.
The bullfrog hits you but does no damage.
You slash the bullfrog!
You kill the bullfrog!
Okawaru accepts your kill.
Your Fighting skill increases to level 4!
You have reached level 6!
You start resting.
HP restored.
Done exploring.
(D) Dungeon
Where to? (* - list waypoints, Enter - D:4, ? - help)
What level of the Dungeon? (default 1, ? - help)
You climb downwards.
The hornet stings you but does no damage. x2
There is a stone staircase leading up here.
You closely miss the hornet. The hornet stings you. The hornet stings you!
You closely miss the hornet.
The hornet stings you but does no damage.
The hornet closely misses you.
You closely miss the hornet.
The hornet stings you but does no damage.
The hornet stings you.
You hit the hornet but do no damage. The hornet stings you.
The hornet stings you!
You barely miss the hornet. The hornet completely misses you.
The hornet closely misses you.
You closely miss the hornet. The hornet barely misses you.
The hornet stings you!
You die...

.....# ...#
..... ?..# ....
...# .
...#...##..
..........
.........
#######........
......y@......#
..............#
...............
......#.......#
......#.......#
......#.......#
..... #.......#
..... #.......#


You could see a hornet.

Vanquished Creatures
  A bullfrog (D:3)
  A scorpion (D:3)
  4 adders (D:2)
  2 dart slugs
  2 orcs (D:3)
  8 ball pythons
  2 endoplasms
  14 giant cockroaches
  8 goblins
  6 hobgoblins
  9 jackals
  3 quokkas
  6 bats
  9 kobolds
  4 rats
79 creatures vanquished.

Vanquished Creatures (others)
  7 plants (D:3)
7 creatures vanquished.

Grand Total: 86 creatures vanquished

Notes
Turn   | Place    | Note
-------+----------+-------------------------------------------
     0 | D:1      | qw the Gargoyle Fighter began the quest for the Orb.
     0 | D:1      | Reached XP level 1. HP: 14/14 MP: 1/1
     0 | D:1      | 0 ||| qw: Version: 0.1-a-116-g5d60599
     0 | D:1      | 0 ||| qw: Game counter: 7564
     0 | D:1      | 0 ||| qw: Always use a shield: true
     0 | D:1      | 0 ||| qw: God list: Okawaru
     0 | D:1      | 0 ||| qw: Allow faded altars: false
     0 | D:1      | 0 ||| qw: Do Orc after D:15 true
     0 | D:1      | 0 ||| qw: Do second Lair branch before Depths: true
     0 | D:1      | 0 ||| qw: Lair rune preference: random
     0 | D:1      | 0 ||| qw: Plans: Normal, Zot, God:TSO, Crypt, Tomb, Zig,
                  | Orb
     0 | D:1      | 0 ||| PLANNING D:1-11
    28 | D:1      | Reached skill level 2 in Axes
   127 | D:1      | 127 ||| DROPPING +0 club.
   276 | D:1      | Reached XP level 2. HP: 19/19 MP: 2/2
   295 | D:1      | 295 ||| Stepping ~*~*~tactically~*~*~ (stealth).
   326 | D:1      | 326 ||| Stepping ~*~*~tactically~*~*~ (stealth).
   386 | D:1      | 386 ||| DROPPING +1 mace of draining.
   406 | D:1      | 406 ||| Stepping ~*~*~tactically~*~*~ (stealth).
   421 | D:1      | Reached skill level 3 in Axes
   587 | D:1      | Reached XP level 3. HP: 23/23 MP: 3/3
   973 | D:1      | 973 ||| READING scroll labelled GUFITUCERR.
   974 | D:1      | 974 ||| READING scroll labelled CAOMAGHAYTZA.
   975 | D:1      | 975 ||| READING scroll labelled UDWAGU FOTTAUM.
  1013 | D:2      | Found Botwanargh's Assorted Antiques.
  1036 | D:2      | 1036 ||| BUYING 2 glowing silvery potions (37 gold).
  1036 | D:2      | Bought 2 glowing silvery potions for 37 gold pieces
  1036 | D:2      | 1036 ||| SHOPLISTING puce potion (18 gold, have 16).
  1036 | D:2      | 1036 ||| SHOPLISTING scroll labelled GETHRI MAEKEPS (21
                  | gold, have 16).
  1036 | D:2      | 1036 ||| SHOPLISTING scroll of teleportation (63 gold, have
                  | 16).
  1036 | D:2      | 1036 ||| SHOPLISTING smoky coppery potion (18 gold, have
                  | 16).
  1056 | D:2      | Found a faded altar of an unknown god.
  1225 | D:2      | Reached XP level 4. HP: 28/28 MP: 4/4
  1282 | D:2      | 1282 ||| Stepping ~*~*~tactically~*~*~ (hiding).
  1620 | D:2      | 1620 ||| Stepping ~*~*~tactically~*~*~ (stealth).
  1837 | D:2      | Reached skill level 4 in Axes
  1944 | D:2      | 1944 ||| UPGRADING to amulet of the acrobat.
  1949 | D:2      | 1949 ||| READING scroll labelled ZELOBLIRUCH.
  1950 | D:2      | 1950 ||| DRINKING 2 glowing silvery potions.
  1989 | D:2      | 1989 ||| DRINKING 2 smoky black potions.
  2036 | D:3      | 2036 ||| STAIRDANCE
  2072 | D:3      | 2072 ||| STAIRDANCE
  2078 | D:3      | 2078 ||| STAIRDANCE
  2154 | D:2      | 2154 ||| FLEEEEING.
  2242 | D:3      | Found a stormy altar of Qazlal.
  2320 | D:3      | Reached XP level 5. HP: 32/32 MP: 5/5
  2374 | D:3      | Found a shadowy altar of Dithmenos.
  2401 | D:3      | Found an iron altar of Okawaru.
  2446 | D:3      | 2446 ||| Stepping ~*~*~tactically~*~*~ (stealth).
  2584 | D:3      | Reached skill level 5 in Axes
  2717 | D:3      | 2717 ||| UPGRADING to +0 chain mail.
  2727 | D:3      | 2727 ||| DROPPING +0 scale mail.
  2728 | D:3      | 2728 ||| READING scroll labelled VYW BIMEOSK.
  2729 | D:3      | 2729 ||| READING scroll labelled SAKHEFETUR.
  2781 | D:3      | 2781 ||| READING scroll labelled QATOTSI GUTAPENG.
  2782 | D:3      | 2782 ||| READING scroll labelled YRIFAKKOLE.
  2783 | D:3      | 2783 ||| READING scroll labelled RAXTUO ZOMIH.
  2784 | D:3      | 2784 ||| READING scroll labelled MAHESAR WIEHA.
  2785 | D:3      | 2785 ||| READING scroll labelled MIMEPR GUATIUM.
  2786 | D:3      | 2786 ||| DRINKING 2 black potions.
  2794 | D:3      | Became a worshipper of Warmaster Okawaru
  2824 | D:4      | Noticed a hornet
  2826 | D:4      | 2826 ||| STAIRDANCE
  2833 | D:3      | Reached XP level 6. HP: 32/39 MP: 6/6
  2891 | D:4      | HP: 7/39 [hornet (13)]
  2893 | D:4      | Slain by a hornet

Levels and vault maps discovered:
D:1:      psy_arrival_radial01, layout_basic
D:2:      layout_loops_ring, ebering_ecumenical_altar_sacrificial, serial_shops,
          shop, grunt_ministairs_11, minmay_tromino_i2
D:3:      minmay_roachtagon, layout_rooms, nicolae_qazlal_scattered_showers,
          nicolae_dithmenos_the_darkroom, mainiacjoe_overflow_six_doors_small,
          serial_bayou_ford_a
D:4:      minmay_clustersquares, layout_basic, mainiacjoe_overflow_alcove_1,
          fedhas_altar_fruit_tree, uniq_edmund

Skill      XL: |  1  2  3  4  5 |
---------------+----------------+-----
Axes           | 2 3 4 5 |  5.2
Fighting       | 4 |  4.3
Armour         | |  3.2
Shields        | |  3.2

Action                   |  1- 3 |  4- 6 || total
-------------------------+-------+-------++-------
Melee: War axe           |    89 |    99 ||   188
Throw: Boomerang         |       |    21 ||    21
  Use: Scroll            |     3 |     8 ||    11
       Potion            |       |     3 ||     3
Armor: Scale mail        |    40 |    56 ||    96
       Chain mail        |       |    10 ||    10
Dodge: Dodged            |    38 |    68 ||   106
Block: Buckler           |    20 |    22 ||    42

Table legend:
 A = Non-vault XP
 B = Vault XP
 C = Vault XP percentage of total XP
 D = Non-vault monster count
 E = Vault monster count
 F = Vault count percentage of total count
                 A         B        C        D         E       F
            +---------+---------+-------+---------+---------+-------
      Total |     345 |      26 |   7.0 |      66 |      13 |  16.5
            +---------+---------+-------+---------+---------+-------
        D:1 |      49 |       0 |   0.0 |      30 |       0 |   0.0
        D:2 |      75 |       6 |   7.4 |      15 |       3 |  16.7
        D:3 |     221 |      20 |   8.3 |      21 |      10 |  32.3
            +---------+---------+-------+---------+---------+-------
